TOP OF THE 1ST |
Montana Pandas batting - Pitching for Capital District Red Knights : RHP Robby McDonald
|
Pitching: RHP Robby McDonald
|
|
Batting: RHB Jonathan Widdop
|
0-0: Ground out 6-3 (Groundball, 6M)
|
Batting: RHB Ted Cook
|
0-0: Fly out, F9 (Flyball, 9LMF)
|
Batting: LHB Mike Pace
|
0-0: Ball 1-0: Fly out, F6 (Popup, 56)
|
Top of the 1st over - 0 run(s), 0 hit(s), 0 error(s), 0 left on base; Montana 0 - Capital District 0 |
BOTTOM OF THE 1ST |
Capital District Red Knights batting - Pitching for Montana Pandas : LHP Pedro Pacheco
|
Pitching: LHP Pedro Pacheco
|
|
Batting: RHB Mark Field
|
0-0: Ball 1-0: Ground out U3 (Groundball, 3L)
|
Batting: RHB Danilo Mosca
|
0-0: Ball 1-0: Ball 2-0: Called Strike 2-1: SINGLE (Line Drive, 7S)
|
Batting: SHB Bernardo Hernández
|
0-0: Called Strike Danilo Mosca steals 2nd base 0-1: Ball 1-1: Ball 2-1: Ball 3-1: Ground out 6-3 (Groundball, 56)
|
Batting: RHB Barry Dempsey
|
0-0: Ball 1-0: Swinging Strike 1-1: Foul Ball, location: 2F 1-2: Ball 2-2: Ball 3-2: Ground out 1-3 (Groundball, 25)
|
Bottom of the 1st over - 0 run(s), 1 hit(s), 0 error(s), 1 left on base; Montana 0 - Capital District 0 |
TOP OF THE 2ND |
Montana Pandas batting - Pitching for Capital District Red Knights : RHP Robby McDonald
|
Batting: LHB Luis Velázquez
|
0-0: Called Strike 0-1: Fly out, F8 (Flyball, 8RM)
|
Batting: LHB Christian Blair
|
0-0: Ball 1-0: Ball 2-0: Ball 3-0: Base on Balls
|
Batting: RHB Brent Ryan
|
0-0: Called Strike 0-1: Foul Ball, location: 2F 0-2: Fly out, F7 (Flyball, 7LM)
|
Batting: RHB Jean Chamissa
|
0-0: Ball 1-0: Ball 2-0: SINGLE (Line Drive, 7S) Christian Blair to second
|
Batting: RHB Dani Trejo
|
0-0: Ball 1-0: Swinging Strike 1-1: Ball 2-1: SINGLE (Flyball, 7S) Christian Blair to third Jean Chamissa to second Runner from 3rd tries for Home, SAFE, no throw or cutoff
|
Batting: RHB Emílio Ortíz
|
0-0: Ground out 6-3 (Groundball, 6)
|
Top of the 2nd over - 1 run(s), 2 hit(s), 0 error(s), 2 left on base; Montana 1 - Capital District 0 |
BOTTOM OF THE 2ND |
Capital District Red Knights batting - Pitching for Montana Pandas : LHP Pedro Pacheco
|
Batting: RHB Henry Cameron
|
0-0: Ground out 1-3 (Groundball, 25)
|
Batting: LHB Arturo Hernández
|
0-0: Ball 1-0: Swinging Strike 1-1: Ball 2-1: Ground out U3 (Groundball, 3)
|
Batting: RHB Iván Miranda
|
0-0: Called Strike 0-1: Ground out 5-3 (Groundball, 5L)
|
Bottom of the 2nd over - 0 run(s), 0 hit(s), 0 error(s), 0 left on base; Montana 1 - Capital District 0 |
TOP OF THE 3RD |
Montana Pandas batting - Pitching for Capital District Red Knights : RHP Robby McDonald
|
Batting: RHB Jonathan Widdop
|
0-0: Ball 1-0: Foul Ball, location: 2F 1-1: Ball 2-1: Swinging Strike 2-2: Ball 3-2: Strikes out swinging
|
Batting: RHB Ted Cook
|
0-0: Ball 1-0: Foul Ball, location: 2F 1-1: Ball 2-1: Ball 3-1: Called Strike 3-2: Strikes out swinging
|
Batting: LHB Mike Pace
|
0-0: Called Strike 0-1: Fly out, F8 (Line Drive, 8LM)
|
Top of the 3rd over - 0 run(s), 0 hit(s), 0 error(s), 0 left on base; Montana 1 - Capital District 0 |
BOTTOM OF THE 3RD |
Capital District Red Knights batting - Pitching for Montana Pandas : LHP Pedro Pacheco
|
Batting: RHB Tom Christensen
|
0-0: Called Strike 0-1: Swinging Strike 0-2: Ball 1-2: Strikes out looking
|
Batting: RHB Manny Carbajal
|
0-0: Foul Ball, location: 2F 0-1: Foul Ball, location: 2F 0-2: Ball 1-2: Ball 2-2: Strikes out swinging
|
Batting: RHB Mark Field
|
0-0: Ball 1-0: Foul Ball, location: 2F 1-1: Fly out, F8 (Flyball, 8RD)
|
Bottom of the 3rd over - 0 run(s), 0 hit(s), 0 error(s), 0 left on base; Montana 1 - Capital District 0 |
TOP OF THE 4TH |
Montana Pandas batting - Pitching for Capital District Red Knights : RHP Robby McDonald
|
Batting: LHB Luis Velázquez
|
0-0: Ball 1-0: Called Strike 1-1: Ball 2-1: Ball 3-1: Ground out 4-3 (Groundball, 34)
|
Batting: LHB Christian Blair
|
0-0: Called Strike 0-1: Foul Ball, location: 2F 0-2: Ball 1-2: Ball 2-2: Ball 3-2: Base on Balls
|
Batting: RHB Brent Ryan
|
0-0: Ball 1-0: Ball 2-0: Swinging Strike 2-1: Ball 3-1: Fly out, F9 (Flyball, 89D)
|
Batting: RHB Jean Chamissa
|
0-0: Swinging Strike 0-1: Ball 1-1: Swinging Strike 1-2: SINGLE (Groundball, 6M) Christian Blair to second
|
Batting: RHB Dani Trejo
|
0-0: TRIPLE (Line Drive, 8RM) Christian Blair scores Jean Chamissa scores
|
Batting: RHB Emílio Ortíz
|
0-0: Ground out 4-3 (Groundball, 4)
|
Top of the 4th over - 2 run(s), 2 hit(s), 0 error(s), 1 left on base; Montana 3 - Capital District 0 |
BOTTOM OF THE 4TH |
Capital District Red Knights batting - Pitching for Montana Pandas : LHP Pedro Pacheco
|
Batting: RHB Danilo Mosca
|
0-0: Ground out 6-3 (Groundball, 6)
|
Batting: SHB Bernardo Hernández
|
0-0: Ball 1-0: Ball 2-0: Called Strike 2-1: Ball 3-1: Base on Balls
|
Batting: RHB Barry Dempsey
|
0-0: Ball 1-0: Ball 2-0: Called Strike 2-1: Ball 3-1: Swinging Strike 3-2: Foul Ball, location: 2F 3-2: Grounds into double play, 5-4-3 (Groundball, 5)
|
Bottom of the 4th over - 0 run(s), 0 hit(s), 0 error(s), 0 left on base; Montana 3 - Capital District 0 |
TOP OF THE 5TH |
Montana Pandas batting - Pitching for Capital District Red Knights : RHP Robby McDonald
|
Batting: RHB Jonathan Widdop
|
0-0: Ball 1-0: Foul Ball, location: 2F 1-1: Called Strike 1-2: Foul Ball, location: 2F 1-2: Ground out 6-3 (Groundball, 6)
|
Batting: RHB Ted Cook
|
0-0: Ball 1-0: Called Strike 1-1: Ball 2-1: Swinging Strike 2-2: Ball 3-2: Fly out, F3 (Popup, 3SF)
|
Batting: LHB Mike Pace
|
0-0: Ball 1-0: Called Strike 1-1: Fly out, F6 (Popup, 4MD)
|
Top of the 5th over - 0 run(s), 0 hit(s), 0 error(s), 0 left on base; Montana 3 - Capital District 0 |
BOTTOM OF THE 5TH |
Capital District Red Knights batting - Pitching for Montana Pandas : LHP Pedro Pacheco
|
Batting: RHB Henry Cameron
|
0-0: Ball 1-0: Ball 2-0: Swinging Strike 2-1: Ground out 6-3 (Groundball, 6)
|
Batting: LHB Arturo Hernández
|
0-0: Foul Ball, location: 2F 0-1: Ball 1-1: Ball 2-1: Ball 3-1: Base on Balls
|
Batting: RHB Iván Miranda
|
0-0: Called Strike 0-1: Ball 1-1: Ball 2-1: Ball 3-1: Swinging Strike 3-2: Foul Ball, location: 2F 3-2: Foul Ball, location: 2F 3-2: Foul Ball, location: 2F 3-2: SINGLE (Groundball, 34D) (infield hit) Arturo Hernández to second
|
Batting: RHB Tom Christensen
|
0-0: Fly out, F9 (Flyball, 89M)
|
Batting: RHB Manny Carbajal
|
0-0: Ball 1-0: Ball 2-0: Ball 3-0: Called Strike 3-1: Fly out, F3 (Popup, 3SF)
|
Bottom of the 5th over - 0 run(s), 1 hit(s), 0 error(s), 2 left on base; Montana 3 - Capital District 0 |
TOP OF THE 6TH |
Montana Pandas batting - Pitching for Capital District Red Knights : RHP Robby McDonald
|
Batting: LHB Luis Velázquez
|
0-0: Ball 1-0: Fly out, F6 (Popup, 5L)
|
Batting: LHB Christian Blair
|
0-0: Ball 1-0: Ball 2-0: Ball 3-0: Ground out 6-3 (Groundball, 6M)
|
Batting: RHB Brent Ryan
|
0-0: Swinging Strike 0-1: Called Strike 0-2: Ball 1-2: Fly out, F8 (Line Drive, 8LXD)
|
Top of the 6th over - 0 run(s), 0 hit(s), 0 error(s), 0 left on base; Montana 3 - Capital District 0 |
BOTTOM OF THE 6TH |
Capital District Red Knights batting - Pitching for Montana Pandas : LHP Pedro Pacheco
|
Pitching: RHP Francis Cahill
|
|
Batting: RHB Mark Field
|
0-0: Foul Ball, location: 2F 0-1: Ball 1-1: Ball 2-1: Fly out, F9 (Flyball, 9M)
|
Batting: RHB Danilo Mosca
|
0-0: Ball 1-0: Ball 2-0: Ball 3-0: Called Strike 3-1: Ground out 6-3 (Groundball, 6)
|
Batting: SHB Bernardo Hernández
|
0-0: Foul Ball, location: 2F 0-1: Ball 1-1: Ball 2-1: Foul Ball, location: 2F 2-2: Hit by Pitch
|
Batting: RHB Barry Dempsey
|
0-0: Ball 1-0: Ball 2-0: Foul Ball, location: 2F 2-1: Ball 3-1: Base on Balls Bernardo Hernández to second
|
Batting: RHB Henry Cameron
|
0-0: Called Strike 0-1: Ball 1-1: Fly out, F9 (Line Drive, 9S)
|
Bottom of the 6th over - 0 run(s), 0 hit(s), 0 error(s), 2 left on base; Montana 3 - Capital District 0 |
TOP OF THE 7TH |
Montana Pandas batting - Pitching for Capital District Red Knights : RHP Robby McDonald
|
Batting: RHB Jean Chamissa
|
0-0: Ground out 1-3 (Groundball, 13S)
|
Batting: RHB Dani Trejo
|
0-0: Ball 1-0: Foul Ball, location: 2F 1-1: Ball 2-1: Swinging Strike 2-2: Ball 3-2: Base on Balls
|
Batting: RHB Emílio Ortíz
|
0-0: Called Strike 0-1: Swinging Strike 0-2: Foul Ball, location: 2F 0-2: Strikes out swinging
|
Batting: RHB Jonathan Widdop
|
0-0: Ball 1-0: SINGLE (Line Drive, 56D) Dani Trejo to second
|
Batting: RHB Ted Cook
|
0-0: Ball 1-0: Foul Ball, location: 2F 1-1: SINGLE (Line Drive, 34D) Dani Trejo to third Jonathan Widdop to second Runner from 3rd tries for Home, SAFE, no throw or cutoff
|
Batting: LHB Mike Pace
|
0-0: Ball 1-0: Ball Wild Pitch! Jonathan Widdop to third Ted Cook to second 2-0: Ground out 3-1 (Groundball, 3)
|
Top of the 7th over - 1 run(s), 2 hit(s), 0 error(s), 2 left on base; Montana 4 - Capital District 0 |
BOTTOM OF THE 7TH |
Capital District Red Knights batting - Pitching for Montana Pandas : RHP Francis Cahill
|
Batting: LHB Arturo Hernández
|
0-0: Ball 1-0: Foul Ball, location: 2F 1-1: Foul Ball, location: 2F 1-2: Fly out, F8 (Popup, 8LS)
|
Batting: RHB Iván Miranda
|
0-0: Ball 1-0: Foul Ball, location: 2F 1-1: Foul Ball, location: 2F 1-2: Strikes out looking
|
Batting: RHB Tom Christensen
|
0-0: Called Strike 0-1: SINGLE (Line Drive, 6MD)
|
Batting: RHB Manny Carbajal
|
0-0: Ball 1-0: Foul Ball, location: 2F 1-1: Ball 2-1: Foul Ball, location: 2F 2-2: Strikes out swinging
|
Bottom of the 7th over - 0 run(s), 1 hit(s), 0 error(s), 1 left on base; Montana 4 - Capital District 0 |
TOP OF THE 8TH |
Montana Pandas batting - Pitching for Capital District Red Knights : RHP Robby McDonald
|
Batting: LHB Luis Velázquez
|
0-0: Fly out, F7 (Flyball, 7S)
|
Batting: LHB Christian Blair
|
0-0: Ball 1-0: Fly out, F8 (Line Drive, 8LM)
|
Batting: RHB Brent Ryan
|
0-0: Ball 1-0: Foul Ball, location: 2F 1-1: Ground out 1-3 (Groundball, 15S)
|
Top of the 8th over - 0 run(s), 0 hit(s), 0 error(s), 0 left on base; Montana 4 - Capital District 0 |
BOTTOM OF THE 8TH |
Capital District Red Knights batting - Pitching for Montana Pandas : RHP Francis Cahill
|
Batting: RHB Mark Field
|
0-0: Ball 1-0: Fly out, F9 (Flyball, 89M)
|
Batting: RHB Danilo Mosca
|
0-0: Called Strike 0-1: Ball 1-1: Foul Ball, location: 2F 1-2: Foul Ball, location: 2F 1-2: Ball 2-2: Ball 3-2: Base on Balls
|
Pitching: RHP Sixto Palaeios
|
|
Batting: SHB Bernardo Hernández
|
0-0: Swinging Strike 0-1: SINGLE (Groundball, 34) Danilo Mosca to second Runner from 2nd tries for 3rd, SAFE, no throw or cutoff
|
Pitching: RHP Esteban Ruíz
|
|
Batting: RHB Barry Dempsey
|
0-0: Foul Ball, location: 2F 0-1: Ball 1-1: Called Strike 1-2: Foul Ball, location: 2F 1-2: Ball 2-2: Fly out, F9 (Flyball, 9D) Runner from 3rd tags up, SCORES, no throw
|
Batting: RHB Henry Cameron
|
0-0: Ball 1-0: Fly out, F8 (Flyball, 8RXD)
|
Bottom of the 8th over - 1 run(s), 1 hit(s), 0 error(s), 1 left on base; Montana 4 - Capital District 1 |
TOP OF THE 9TH |
Montana Pandas batting - Pitching for Capital District Red Knights : RHP Robby McDonald
|
Batting: RHB Jean Chamissa
|
0-0: Called Strike 0-1: Ball 1-1: Swinging Strike 1-2: Fly out, F7 (Flyball, 7S)
|
Pitching: RHP César Rivera
|
|
Batting: RHB Dani Trejo
|
0-0: Ball 1-0: Fly out, F8 (Flyball, 8LM)
|
Batting: RHB Emílio Ortíz
|
0-0: Called Strike 0-1: Called Strike 0-2: Reached on error, E6 (Groundball, 6)
|
Batting: RHB Jonathan Widdop
|
0-0: Ball 1-0: Called Strike 1-1: Ball 2-1: Fly out, F9 (Flyball, 9LM)
|
Top of the 9th over - 0 run(s), 0 hit(s), 1 error(s), 1 left on base; Montana 4 - Capital District 1 |
BOTTOM OF THE 9TH |
Capital District Red Knights batting - Pitching for Montana Pandas : RHP Esteban Ruíz
|
Pitching: RHP Carlos Guzmán
|
|
Batting: LHB Arturo Hernández
|
0-0: Called Strike 0-1: Ball 1-1: Ball 2-1: Fly out, F9 (Flyball, 9S)
|
Batting: RHB Iván Miranda
|
0-0: Ball 1-0: Ball 2-0: Swinging Strike 2-1: Ball 3-1: Called Strike 3-2: SINGLE (Groundball, 34D)
|
Batting: RHB Tom Christensen
|
0-0: Ball 1-0: Ball 2-0: Called Strike 2-1: Swinging Strike 2-2: Grounds into double play, 5-4-3 (Groundball, 56)
|
Bottom of the 9th over - 0 run(s), 1 hit(s), 0 error(s), 0 left on base; Montana 4 - Capital District 1 |
|